 Dungeon Crawl Stone Soup version 0.28.0-43-g3370ac3207 (webtiles) character file.

Game seed: 12126499220948770986

84 Peloso the Covered (level 4, 0/40 HPs)
             Began as a Minotaur Fighter on Mar 27, 2022.
             Slain by a goblin
             ... wielding a +0 dagger
             ... led by Robin
              (5 damage)
             ... on level 2 of the Dungeon.
             The game lasted 00:02:29 (1180 turns).

Peloso the Covered (Minotaur Fighter)               Turns: 1180, Time: 00:02:30

Health: 0/40       AC:  7    Str: 20    XL:     4   Next: 23%
Magic:  3/3        EV:  9    Int:  5    God:
Gold:   87         SH:  5    Dex: 12    Spells: 3/3 levels left

rFire   . . .      SeeInvis .   a - +0 long sword
rCold   . . .      Faith    .   c - +0 buckler
rNeg    . . .      Spirit   .   b - +0 scale mail
rPois   .          Reflect  .   (helmet restricted)
rElec   .          Harm     .   (no cloak)
rCorr   .          Rampage  .   (no gloves)
Will    .....                   (no boots)
Stlth   ..........              (no amulet)
HPRegen 0.13/turn               (no ring)
MPRegen 0.08/turn               (no ring)

@: no status effects
A: horns 2, retaliatory headbutt
a: no special abilities


You were on level 2 of the Dungeon.
You visited 1 branch of the dungeon, and saw 2 of its levels.

You collected 87 gold pieces.

Inventory:

Hand Weapons
 a - a +0 long sword (weapon)
Armour
 b - a +0 scale mail (worn)
 c - a +0 buckler (worn)
Scrolls
 e - 2 scrolls of silence {unknown}
Potions
 d - a potion of might
 f - a potion of curing


   Skills:
 + Level 4.2 Fighting
 + Level 3.5 Long Blades
 + Level 4.8 Armour
 + Level 4.0 Shields


You had 3 spell levels left.
You didn't know any spells.
Your spell library was empty.

Dungeon Overview and Level Annotations

Branches:
Dungeon (2/15)

Altars:

Annotations:
D:2 Robin


Innate Abilities, Weirdness & Mutations

You have a pair of horns on your head.
You reflexively headbutt those who attack you in melee.


Message History

The goblin unwields a +0 dagger.
The goblin wields a +0 hunting sling.
The goblin shoots a stone.
The stone hits you but does no damage. Robin throws the goblin at you!
You barely miss the hobgoblin. The hobgoblin hits you.
* * * LOW HITPOINT WARNING * * *
The goblin unwields a +0 hunting sling.
The goblin wields a +0 dagger.
The goblin barely misses you.
The hobgoblin hits you but does no damage.
You hit the hobgoblin.
The hobgoblin is moderately wounded.
The goblin no longer looks unusually strong.
The goblin hits you with a +0 dagger.
* * * LOW HITPOINT WARNING * * *
The hobgoblin barely misses you. You furiously retaliate!
You headbutt the hobgoblin, but do no damage.
Robin roars a battlecry!
The goblin goes into a battle-frenzy!
The goblin hits you with a +0 dagger.
* * * LOW HITPOINT WARNING * * *
The hobgoblin no longer looks unusually strong.
The goblin barely misses you.
Robin roars a battlecry!
The hobgoblin goes into a battle-frenzy!
There is a stone staircase leading down here.
Robin says, "Duck!"
There is an open door here.
The hobgoblin no longer looks unusually strong.
The hobgoblin hits you but does no damage.
Robin says, "My army is invincible!"
Robin hits you with a +0 dagger.
* * * LOW HITPOINT WARNING * * *
Robin roars a battlecry!
The goblins go into a battle-frenzy!
Robin throws the goblin at you!
The goblin unwields a +0 dagger.
The goblin wields a +0 hunting sling.
The goblin shoots a stone.
You block the stone.
The goblin shoots a stone.
The stone closely misses you. Robin throws the goblin at you!
The goblin unwields a +0 hunting sling.
The goblin wields a +0 dagger.
The goblin hits you with a +0 dagger.
You die...

..........#
#.#.##.######.#
..........##
#.............#
...........#
###)##.########
...........#
#.##.########
..<.....†..#
#...........#
...........#
#..#.######.#
########+#.# #..#.# #.#
#g#####..#.# #.#
###+#.@..g...#.# #.#
#....######g.#.# #.#
#....# ##.#.# #.#
#....# ###.g.# #.#
#....# #.##..######.#
#....#####............#
#....#........>########
#....#.......#.#
###'##.......#.#


You could see Robin, a hobgoblin (strong) and a goblin (strong).

Vanquished Creatures
  3 gnolls (D:2)
  2 endoplasms
  3 giant cockroaches
  11 goblins
  11 hobgoblins
  2 kobolds (D:1)
  7 ball pythons (D:1)
  3 bats
  4 frilled lizards
  4 rats (D:1)
50 creatures vanquished.

Vanquished Creatures (others)
  21 plants (D:2)
21 creatures vanquished.

Grand Total: 71 creatures vanquished

Notes
Turn   | Place    | Note
-------+----------+-------------------------------------------
     0 | D:1      | Peloso the Minotaur Fighter began the quest for the Orb.
     0 | D:1      | Reached XP level 1. HP: 19/19 MP: 0/0
    10 | D:1      | Noticed a centaur
   125 | D:1      | Found a faded altar of an unknown god.
   189 | D:1      | Reached XP level 2. HP: 25/27 MP: 1/1
   681 | D:1      | Reached XP level 3. HP: 33/33 MP: 2/2
  1113 | D:2      | Noticed Robin
  1116 | D:2      | Reached XP level 4. HP: 20/40 MP: 3/3
  1147 | D:2      | HP: 1/40 [goblin/+0 dagger[Robin] (2)]
  1180 | D:2      | Slain by a goblin

Illustrated notes

Levels and vault maps discovered:
D:1:      evilmike_arrival_come_back, layout_loops_cross,
          chequers_ecumenical_altar_simple
D:2:      layout_basic, nicolae_grassy_gnolls, uniq_robin

Skill      XL: |  1  2  3  4 |
---------------+-------------+-----
Armour         | 4 |  4.8
Fighting       | 4 |  4.2
Long Blades    | 3 |  3.5
Shields        | 4 |  4.0

Action                   |  1- 3 |  4- 6 || total
-------------------------+-------+-------++-------
Melee: Long sword        |    86 |    16 ||   102
       Headbutt          |    12 |     1 ||    13
  Use: Potion            |     1 |     1 ||     2
Armor: Scale mail        |    40 |    20 ||    60
Dodge: Dodged            |    46 |    15 ||    61
Block: Buckler           |    24 |     5 ||    29
